[Event "Chinese League Division-A 2024"]
[Site "Fuling Chongqing"]
[Date "2024.07.04"]
[Round "8.27"]
[White "Zhao, Jun"]
[Black "Xie, Kaifan"]
[Result "1/2-1/2"]
[ECO "B13"]
[WhiteElo "2538"]
[BlackElo "2376"]
[Annotator "TA"]
[PlyCount "85"]
[EventDate "2024.06.28"]
[EventType "team-tourn"]
[EventCountry "CHN"]
[SourceTitle "playchess.com"]
[Source "ChessBase"]
[SourceQuality "1"]
[TimeControl "40/5400+30:1800+30"]

1. e4 c6 2. d4 d5 3. exd5 cxd5 4. Bd3 Nc6 5. c3 Nf6 6. Nf3 Bg4 7. h3 Bh5 8. Bf4 e6 9. Nbd2 Bd6 10. Bxd6 Qxd6 11. O-O O-O 12. Re1 Qc7 13. Qb1 Bg6 14. Bxg6 {[%emt 0:00:14] White has an edge.} hxg6 15. Qd3 Rfe8 16. a4 Rad8 (16... Qf4 {looks sharper.} 17. Ne5 Rac8 18. a5 Nxe5 19. Rxe5 Qh6) 17. Re3 Qb6 18. b3 Rc8 19. Rae1 Qc7 20. Ne5 Ne7 21. g4 Ne4 22. Nxe4 dxe4 23. Qxe4 {[%emt 0:00:05] Rf3 is the strong threat.} Nd5 24. c4 Nxe3 25. fxe3 (25. Rxe3 $11 Rcd8 26. g5) 25... g5 26. Kg2 Qb6 27. Qc2 Qd6 28. Nf3 f6 29. e4 Rcd8 30. c5 {[%emt 0:03:08] The position is equal.} Qc6 31. b4 a6 32. Qb3 Qc7 33. a5 Kh8 34. Qc4 Rd7 35. Kf2 Red8 36. Kg2 Qf4 37. Qxe6 Rxd4 38. Nxd4 Rxd4 $11 {[%emt 0:00:54] KQR-KQR} 39. Qe8+ Kh7 40. Qh5+ Kg8 41. Qe8+ Kh7 42. Qh5+ Kg8 {[%emt 0:00:02] [#] ( -> ...Rd2+)} 43. Qe8+ {[%emt 0:00:38] Weighted Error Value: White=0.11 (very precise) /Black=0.11 (very precise) .  Mistake:       	White=1     	---        Inaccurate:     	White=1     	Black=3      OK:         	White=12    	Black=8      Best:        	White=2     	Black=1} 1/2-1/2

[Event "Chinese League Division-A 2024"]
[Site "Fuling Chongqing"]
[Date "2024.07.04"]
[Round "8.28"]
[White "Wu, Yixing"]
[Black "Pang, Tao"]
[Result "1-0"]
[ECO "D41"]
[WhiteElo "2326"]
[BlackElo "2495"]
[Annotator "TA"]
[PlyCount "117"]
[EventDate "2024.06.28"]
[EventType "team-tourn"]
[EventCountry "CHN"]
[SourceTitle "playchess.com"]
[Source "ChessBase"]
[SourceQuality "1"]
[TimeControl "40/5400+30:1800+30"]

1. Nf3 Nf6 2. g3 c5 3. c4 Nc6 4. Nc3 d5 5. d4 e6 6. cxd5 Nxd5 7. Bg2 cxd4 8. Nxd4 Ndb4 9. Nxc6 Qxd1+ 10. Kxd1 {[%emt 0:00:06] White is slightly better.} Nxc6 11. Nb5 Kd8 {[%emt 0:09:06][%cal Be8d8,Bd8c8,Bc8b8,Bb8a7][%mdl 32] Prevents Nc7} 12. Be3 Bd7 13. Rc1 Be7 14. Rc2 {[%emt 0:04:29] White is much more active. The black rooks are passive.} a6 15. Bb6+ Kc8 16. Na7+ Kb8 17. Nxc6+ Bxc6 18. Rxc6 bxc6 19. Bxc6 {[%emt 0:00:05] A strong pair of Bishops.} Ra7 20. Bxa7+ Kxa7 $16 {[%emt 0:00:02][%mdl 4096] Endgame. KRB-KRB} 21. Be4 Bf6 22. Kc2 Rc8+ 23. Kb1 Rd8 {[%emt 0:01:02] Against Rd1} 24. Bd3 ({But not} 24. Bxh7 Rd2 $11) 24... Kb6 25. Rc1 ({Worse is} 25. Bxh7 g6 26. Kc2 Rh8 27. Bxg6 fxg6 $17) 25... h6 26. b4 Rd7 27. a3 Bd4 28. f3 a5 29. Rc4 e5 30. Ka2 Ra7 31. Kb3 axb4 32. Rxb4+ Kc7 33. a4 Rb7 34. Rxb7+ Kxb7 {[%emt 0:00:05] KB-KB} 35. Kc4 Kc6 36. Be4+ Kd6 37. a5 Bg1 38. a6 Ba7 (38... Kc7 $142) 39. g4 f6 40. Bg6 Bg1 41. h3 Kc6 42. Be4+ Kd6 43. Kd3 {[%emt 0:00:14] aiming for e3.} Ba7 44. Bg6 Kc6 {[%emt 0:01:40] [#]} 45. Bf7 (45. Bf5 $142 $1) 45... Kb5 (45... Kb6 $142) 46. Bc4+ Kc5 47. Be6 Kb6 {[%emt 0:19:47] [#]} 48. Bc8 $1 Kc7 49. Bb7 h5 50. gxh5 ({White should try} 50. Ke4 $18 h4 51. g5) 50... f5 $2 {[%emt 0:00:16][%mdl 8192] A mistake that costs the game.} (50... Bf2 $16 51. Ke4 Bh4) 51. Kc4 $18 {[%emt 0:00:08] Kd5 would now be deadly.} e4 (51... Kd6 $142 52. Bc8 f4) 52. Kd5 exf3 53. exf3 {[%emt 0:00:04] White mates.} f4 54. Ke5 Kd7 55. Kxf4 Ke6 56. Kg5 Kf7 57. Bd5+ Kf8 58. Kg6 Be3 59. Bc4 {[%emt 0:00:03] Weighted Error Value: White=0.08 (flawless) /Black=0.40.  Loses game:     	---       	Black=1      Mistake:       	White=2     	Black=3      Inaccurate:     	White=3     	Black=5      OK:         	White=21    	Black=9      Best:        	White=2     	Black=2      Strong:       	White=1     	---} 1-0

[Event "Chinese League Division-A 2024"]
[Site "Fuling Chongqing"]
[Date "2024.07.04"]
[Round "8.29"]
[White "Song, Yuxin"]
[Black "Chen, Yining"]
[Result "1-0"]
[ECO "B10"]
[WhiteElo "2383"]
[BlackElo "2300"]
[Annotator "TA"]
[PlyCount "93"]
[EventDate "2024.06.28"]
[EventType "team-tourn"]
[EventCountry "CHN"]
[SourceTitle "playchess.com"]
[Source "ChessBase"]
[SourceQuality "1"]
[TimeControl "40/5400+30:1800+30"]

1. e4 c6 2. Nf3 d5 3. d3 dxe4 4. dxe4 Qxd1+ 5. Kxd1 Nf6 6. Nbd2 {[%emt 0:00:05] B10: Caro-Kann: 2 d3 and 2 c4.} g6 7. a4 Bg7 8. a5 Bg4 $146 ({Predecessor:} 8... O-O 9. Ne1 Ng4 10. Nd3 Rd8 11. h3 Rxd3 12. hxg4 Rd8 13. g5 Nd7 14. c3 Nc5 {1-0 Adam,R (2117)-Perkampus,L (2197) Biel HTO 56th 2023 (10)}) 9. Be2 Nbd7 10. Ne1 Bxe2+ 11. Kxe2 Nc5 12. f3 $1 O-O-O 13. Nc4 Nfd7 (13... Rd4 $11 14. Ne3 Ne8) 14. Be3 $14 Kb8 15. c3 f5 16. e5 Ne6 17. Nd3 g5 18. g3 $1 Rhf8 19. f4 Bh6 20. h4 (20. Rhg1 $16) 20... gxf4 $14 21. gxf4 Rg8 22. Rhg1 Rc8 23. Kf3 Rcd8 24. Ke2 Rc8 $1 25. Rad1 Rcd8 26. Nd2 Rxg1 27. Rxg1 Ndf8 ({Black should try} 27... c5 $14) 28. Nf3 $16 Ng6 29. Ng5 (29. h5 $142 Ngxf4+ 30. Nxf4 Nxf4+ (30... Bxf4 $2 31. Nd4 $18) 31. Bxf4 Bxf4 32. Rg7) 29... Bxg5 $16 30. hxg5 Rh8 31. Rh1 Nd8 32. Kf3 Ne6 33. Nc1 c5 34. Ne2 b6 35. Ng3 Ng7 36. axb6 axb6 37. b4 cxb4 38. cxb4 Kb7 39. b5 ({White should play} 39. e6 $18 {Hoping for Bd4.} Nxe6 40. Nxf5) 39... e6 {[%emt 0:02:51] [#]} (39... Kc7 $16 40. e6 Nxe6 41. Nxf5 Kd7 42. Rd1+ (42. Bxb6 Rb8 $14) 42... Kc8) 40. Rd1 $1 $18 Ne8 {[%emt 0:00:00] [#]} 41. Rd8 (41. Rd7+ $1 $18 Kc8 42. Ra7) 41... Nc7 42. Rd6 h6 43. Rxb6+ (43. Bxb6 Nd5 $11 (43... hxg5 44. Bxc7 g4+ 45. Kf2 $11)) 43... Kc8 $2 (43... Ka8 $16) 44. Rc6 $2 (44. Nxf5 $18 {is the precise move to win. And now Nd6+ would win.} hxg5 45. Nd6+ (45. fxg5 $2 {too greedy.} Rf8 $19) 45... Kd7 46. Rb7 (46. fxg5 Rh3+ 47. Kf2 Rxe3 $15) 46... Rh3+ 47. Ke4 Rxe3+ 48. Kxe3) 44... Kb7 $2 (44... Ne7 $16 45. Rc1 hxg5) 45. Nxf5 $18 hxg5 46. Nd6+ Kb8 47. Ba7+ ({Inferior is} 47. fxg5 Nxe5+ 48. Ke4 Nxc6 49. bxc6 Nd5 $15) 1-0

[Event "Chinese League Division-A 2024"]
[Site "Fuling Chongqing"]
[Date "2024.07.04"]
[Round "8.30"]
[White "Wang, Qinxuanyi"]
[Black "Li, Xueyi"]
[Result "1/2-1/2"]
[ECO "D46"]
[WhiteElo "2149"]
[BlackElo "2209"]
[Annotator "RC"]
[PlyCount "70"]
[EventDate "2024.06.28"]
[EventType "team-tourn"]
[EventCountry "CHN"]
[SourceTitle "playchess.com"]
[Source "ChessBase"]
[SourceQuality "1"]
[TimeControl "40/5400+30:1800+30"]

1. d4 d5 2. c4 c6 3. Nf3 Nf6 4. Nc3 e6 5. e3 Nbd7 6. Qc2 Bd6 7. Bd3 O-O 8. O-O e5 9. cxd5 cxd5 10. e4 exd4 11. Nxd5 Nxd5 12. exd5 h6 13. Nxd4 Qh4 14. Nf3 Qh5 15. Bh7+ Kh8 16. Qf5 Qxf5 17. Bxf5 Nf6 18. Bxc8 Rfxc8 19. Rd1 Rd8 20. Be3 Bf8 21. Rd3 Rxd5 22. Rad1 Rxd3 23. Rxd3 a6 24. h3 Be7 25. a4 Rd8 26. Rb3 Rd7 27. g3 Kg8 28. Ne5 Rc7 29. Bb6 Rc1+ 30. Kg2 Nd5 31. Ba7 Nb4 32. a5 Rd1 33. Rc3 Bf6 34. Rc4 Bxe5 35. Rxb4 Ra1 1/2-1/2

[Event "Chinese League Division-A 2024"]
[Site "Fuling Chongqing"]
[Date "2024.07.06"]
[Round "9.3"]
[White "Zhou, Weiqi"]
[Black "Xiu, Deshun"]
[Result "1-0"]
[ECO "A07"]
[WhiteElo "2599"]
[BlackElo "2514"]
[Annotator "RC"]
[PlyCount "129"]
[EventDate "2024.06.28"]
[EventType "team-tourn"]
[EventCountry "CHN"]
[SourceTitle "playchess.com"]
[Source "ChessBase"]
[SourceQuality "1"]
[TimeControl "40/5400+30:1800+30"]

1. Nf3 d5 2. g3 g6 3. Bg2 Bg7 4. O-O e5 5. d3 Ne7 6. e4 O-O 7. b4 d4 8. c3 dxc3 9. Nxc3 Bg4 10. b5 a6 11. a4 axb5 12. Nxb5 c6 13. Nc3 c5 14. Be3 Nd7 15. Qb1 b6 16. Nd2 Nc6 17. Nd5 Be6 18. Nc4 Rb8 19. Qb5 Na7 20. Qa6 Nc6 21. Rab1 Bxd5 22. exd5 Nb4 23. Qb5 f5 24. d6 Nxd3 25. Bc6 Nf6 26. Qb3 e4 27. Ne5+ Kh8 28. Nxd3 exd3 29. Qxd3 Ng4 30. d7 Nxe3 31. fxe3 Be5 32. Qd5 Qe7 33. Rf3 Bc7 34. Bb5 Rf6 35. Qb3 h5 36. Rd1 Kh7 37. e4 fxe4 38. Rxf6 Qxf6 39. Qe3 Qf3 40. Re1 Rf8 41. Qxe4 Qxe4 42. Rxe4 Bd8 43. h4 Kg7 44. Kg2 Rf6 45. Re8 Rf8 46. Bd3 g5 47. hxg5 Bxg5 48. Re5 Bf6 49. Rxh5 Kf7 50. Rd5 Ke7 51. Bb5 Rd8 52. Rf5 Ke6 53. Rf1 Be7 54. Rd1 Bg5 55. Kf3 Ke5 56. Re1+ Kd6 57. Re8 Kc7 58. Ke4 Bf6 59. Kd5 Bg5 60. g4 Bh4 61. Ke6 Bg5 62. Kf5 Bc1 63. g5 Bb2 64. Ke6 c4 65. Rxd8 1-0

[Event "Chinese League Division-A 2024"]
[Site "Fuling Chongqing"]
[Date "2024.07.06"]
[Round "9.4"]
[White "Li, Ruofan"]
[Black "Song, Yuxin"]
[Result "1/2-1/2"]
[ECO "E15"]
[WhiteElo "2321"]
[BlackElo "2383"]
[Annotator "RC"]
[PlyCount "67"]
[EventDate "2024.06.28"]
[EventType "team-tourn"]
[EventCountry "CHN"]
[SourceTitle "playchess.com"]
[Source "ChessBase"]
[SourceQuality "1"]
[TimeControl "40/5400+30:1800+30"]

1. d4 Nf6 2. c4 e6 3. Nf3 b6 4. g3 Ba6 5. b3 Bb4+ 6. Bd2 Be7 7. Bg2 O-O 8. O-O d5 9. Ne5 c5 10. cxd5 exd5 11. dxc5 bxc5 12. Nc3 Bb7 13. Rc1 Na6 14. Bg5 Ne4 15. Nxe4 Bxg5 16. Nxg5 Qxg5 17. Bxd5 Rad8 18. Bxf7+ Kh8 19. f4 Qf6 20. Qc2 Rxf7 21. Nxf7+ Qxf7 22. e4 Re8 23. Rfe1 Nb4 24. Qxc5 Nd3 25. Qc7 Qf6 26. Qxb7 Qb2 27. Rf1 Nxc1 28. Qxa7 Nxa2 29. Qa4 Rb8 30. e5 Nc3 31. Qc4 Qd2 32. Rf2 Qe1+ 33. Kg2 Rd8 34. Rc2 1/2-1/2

[Event "Chinese League Division-A 2024"]
[Site "Fuling Chongqing"]
[Date "2024.07.06"]
[Round "9.5"]
[White "Li, Xueyi"]
[Black "Wang, Yu A."]
[Result "1/2-1/2"]
[ECO "E11"]
[WhiteElo "2209"]
[BlackElo "2234"]
[Annotator "RC"]
[PlyCount "60"]
[EventDate "2024.06.28"]
[EventType "team-tourn"]
[EventCountry "CHN"]
[SourceTitle "playchess.com"]
[Source "ChessBase"]
[SourceQuality "1"]
[TimeControl "40/5400+30:1800+30"]

1. d4 Nf6 2. c4 e6 3. Nf3 Bb4+ 4. Nbd2 c5 5. a3 Bxd2+ 6. Bxd2 cxd4 7. Nxd4 Nc6 8. Nb5 d5 9. e3 a6 10. Nc3 dxc4 11. Bxc4 b5 12. Be2 Bb7 13. O-O O-O 14. Bf3 Qd3 15. Qe2 Rad8 16. Rfd1 Qc2 17. Be1 Qxe2 18. Nxe2 Rxd1 19. Rxd1 Rd8 20. Rc1 Nd5 21. Nc3 Ne5 22. Nxd5 Nxf3+ 23. gxf3 Bxd5 24. Ba5 Re8 25. e4 Bc4 26. Kg2 e5 27. Rd1 h5 28. Rd6 Re6 29. Rxe6 Bxe6 30. Bc3 f6 1/2-1/2

[Event "Chinese League Division-A 2024"]
[Site "Fuling Chongqing"]
[Date "2024.07.06"]
[Round "9.6"]
[White "Lu, Shanglei"]
[Black "Xu, Yinglun"]
[Result "1/2-1/2"]
[ECO "C02"]
[WhiteElo "2606"]
[BlackElo "2526"]
[Annotator "RC"]
[PlyCount "60"]
[EventDate "2024.06.28"]
[EventType "team-tourn"]
[EventCountry "CHN"]
[SourceTitle "playchess.com"]
[Source "ChessBase"]
[SourceQuality "1"]
[TimeControl "40/5400+30:1800+30"]

1. e4 e6 2. d4 d5 3. e5 c5 4. c3 Nc6 5. Nf3 Bd7 6. Be2 Nge7 7. Na3 cxd4 8. cxd4 Nf5 9. Nc2 Be7 10. Bd2 a5 11. O-O O-O 12. g4 Nh4 13. Nxh4 Bxh4 14. f4 f6 15. Bd3 g5 16. Qe2 gxf4 17. Bxf4 fxe5 18. Bxe5 Nxe5 19. Qxe5 Qg5 20. Qxg5+ Bxg5 21. Kg2 h6 22. h3 Rxf1 23. Rxf1 Rf8 24. Rxf8+ Kxf8 25. Ne1 Bf4 26. Kf3 Bc1 27. b3 Bd2 28. Ke2 Bf4 29. Kf3 Bd2 30. Ke2 Bf4 1/2-1/2

[Event "Chinese League Division-A 2024"]
[Site "Fuling Chongqing"]
[Date "2024.07.06"]
[Round "9.7"]
[White "Xie, Kaifan"]
[Black "Xu, Minghui"]
[Result "1/2-1/2"]
[ECO "D41"]
[WhiteElo "2376"]
[BlackElo "2388"]
[Annotator "RC"]
[PlyCount "60"]
[EventDate "2024.06.28"]
[EventType "team-tourn"]
[EventCountry "CHN"]
[SourceTitle "playchess.com"]
[Source "ChessBase"]
[SourceQuality "1"]
[TimeControl "40/5400+30:1800+30"]

1. d4 d5 2. c4 e6 3. Nf3 Nf6 4. Nc3 c5 5. cxd5 cxd4 6. Qa4+ Bd7 7. Qxd4 exd5 8. Nxd5 Qa5+ 9. Nc3 Nc6 10. Qd1 Ne4 11. Bd2 Nxd2 12. Nxd2 Bb4 13. Rc1 Bxc3 14. Rxc3 Qxa2 15. Nc4 Be6 16. e4 Rd8 17. Nd6+ Kf8 18. Qc1 Qa4 19. Nxb7 Qxe4+ 20. Qe3 Qxe3+ 21. fxe3 Rb8 22. Nc5 Nd8 23. Bd3 g6 24. O-O Kg7 25. Ra3 Rxb2 26. Nxe6+ Nxe6 27. Rxa7 Rf8 28. Bc4 Rb6 29. Re7 Nd8 30. Rd7 Rb7 1/2-1/2

[Event "Chinese League Division-A 2024"]
[Site "Fuling Chongqing"]
[Date "2024.07.06"]
[Round "9.9"]
[White "Wang, Qinxuanyi"]
[Black "Zhu, Jiner"]
[Result "0-1"]
[ECO "D39"]
[WhiteElo "2149"]
[BlackElo "2476"]
[Annotator "RC"]
[PlyCount "58"]
[EventDate "2024.06.28"]
[EventType "team-tourn"]
[EventCountry "CHN"]
[SourceTitle "playchess.com"]
[Source "ChessBase"]
[SourceQuality "1"]
[TimeControl "40/5400+30:1800+30"]

1. d4 Nf6 2. c4 e6 3. Nf3 d5 4. Nc3 Bb4 5. Bg5 dxc4 6. e4 b5 7. e5 h6 8. Bh4 g5 9. Nxg5 hxg5 10. Bxg5 Nbd7 11. exf6 Bb7 12. Qc2 Nb6 13. O-O-O Qd7 14. h4 a5 15. Rh3 Bd6 16. g4 b4 17. Ne4 Bd5 18. Bg2 Qc6 19. Re3 O-O-O 20. f4 a4 21. f5 b3 22. axb3 axb3 23. Qb1 exf5 24. Nxd6+ Rxd6 25. Qxf5+ Kb7 26. Bf1 Ra8 27. h5 Be6 28. Qe4 Nd5 29. Bg2 Ra1+ 0-1

[Event "Chinese League Division-A 2024"]
[Site "Fuling Chongqing"]
[Date "2024.07.06"]
[Round "9.12"]
[White "Xiao, Tong"]
[Black "Liu, Yan"]
[Result "1/2-1/2"]
[ECO "D60"]
[WhiteElo "2518"]
[BlackElo "2573"]
[Annotator "RC"]
[PlyCount "61"]
[EventDate "2024.06.28"]
[EventType "team-tourn"]
[EventCountry "CHN"]
[SourceTitle "playchess.com"]
[Source "ChessBase"]
[SourceQuality "1"]
[TimeControl "40/5400+30:1800+30"]

1. d4 d5 2. c4 c6 3. Nc3 Nf6 4. Nf3 e6 5. Bg5 h6 6. Bh4 Be7 7. e3 O-O 8. Bd3 Nbd7 9. O-O dxc4 10. Bxc4 b5 11. Bd3 Bb7 12. a3 a5 13. Qc2 b4 14. axb4 axb4 15. Na4 c5 16. Bxf6 Nxf6 17. Nxc5 Bxf3 18. gxf3 Rc8 19. f4 Nd7 20. Rfd1 Nxc5 21. dxc5 Qc7 22. Rac1 Qxc5 23. Qxc5 Rxc5 24. Rxc5 Bxc5 25. f5 exf5 26. Bxf5 g6 27. Be4 Re8 28. Bd5 Kg7 29. Kg2 Rd8 30. Bb3 Rxd1 31. Bxd1 1/2-1/2

[Event "Chinese League Division-A 2024"]
[Site "Fuling Chongqing"]
[Date "2024.07.06"]
[Round "9.13"]
[White "Wang, Chen"]
[Black "Liu, Qingnan"]
[Result "1/2-1/2"]
[ECO "B51"]
[WhiteElo "2490"]
[BlackElo "2540"]
[Annotator "RC"]
[PlyCount "71"]
[EventDate "2024.06.28"]
[EventType "team-tourn"]
[EventCountry "CHN"]
[SourceTitle "playchess.com"]
[Source "ChessBase"]
[SourceQuality "1"]
[TimeControl "40/5400+30:1800+30"]

1. e4 c5 2. Nf3 d6 3. Bb5+ Nd7 4. Ba4 Ngf6 5. O-O e6 6. Re1 a6 7. c4 Be7 8. Nc3 O-O 9. d4 cxd4 10. Nxd4 Ne5 11. Qe2 Qc7 12. Bb3 Re8 13. Kh1 b6 14. f4 Ng6 15. Ba4 Bd7 16. f5 Ne5 17. Bxd7 Qxd7 18. Bf4 Rac8 19. c5 dxc5 20. Bxe5 cxd4 21. fxe6 fxe6 22. Rad1 Bc5 23. Bxd4 Bxd4 24. e5 Nd5 25. Rxd4 Nxc3 26. bxc3 Qb7 27. c4 Rc5 28. Rd6 Qc7 29. h3 Rxc4 30. Rxb6 Qxb6 31. Qxc4 Rd8 32. Kh2 h6 33. Rf1 Rd4 34. Qc8+ Rd8 35. Qc4 Rd4 36. Qc8+ 1/2-1/2

[Event "Chinese League Division-A 2024"]
[Site "Fuling Chongqing"]
[Date "2024.07.06"]
[Round "9.15"]
[White "Wang, Chuqiao"]
[Black "Zhang, Xiao"]
[Result "1-0"]
[ECO "D38"]
[WhiteElo "2278"]
[BlackElo "2193"]
[Annotator "RC"]
[PlyCount "75"]
[EventDate "2024.06.28"]
[EventType "team-tourn"]
[EventCountry "CHN"]
[SourceTitle "playchess.com"]
[Source "ChessBase"]
[SourceQuality "1"]
[TimeControl "40/5400+30:1800+30"]

1. d4 Nf6 2. c4 e6 3. Nf3 d5 4. Nc3 Bb4 5. Qa4+ Nc6 6. e3 O-O 7. Qc2 dxc4 8. Bxc4 Bd6 9. O-O e5 10. h3 exd4 11. exd4 a6 12. Bg5 Nb4 13. Qc1 Be7 14. a3 Nc6 15. Re1 Bf5 16. d5 Nb8 17. Qe3 Bd6 18. Nh4 Bg6 19. Nxg6 hxg6 20. Ne4 Be7 21. Nxf6+ Bxf6 22. Bxf6 gxf6 23. Qh6 f5 24. d6 Qxd6 25. Re6 fxe6 26. Qxg6+ Kh8 27. Qh6+ Kg8 28. Bxe6+ Rf7 29. Qg6+ Kh8 30. Qh5+ Kg7 31. Qxf7+ Kh6 32. Qf6+ Kh7 33. Bxf5+ Kg8 34. Be6+ Kh7 35. Qf7+ Kh6 36. h4 Qe5 37. g4 Qg7 38. Qh5# 1-0

[Event "Chinese League Division-A 2024"]
[Site "Fuling Chongqing"]
[Date "2024.07.06"]
[Round "9.16"]
[White "Bai, Jinshi"]
[Black "Xu, Yi"]
[Result "1/2-1/2"]
[ECO "D37"]
[WhiteElo "2564"]
[BlackElo "2496"]
[Annotator "RC"]
[PlyCount "105"]
[EventDate "2024.06.28"]
[EventType "team-tourn"]
[EventCountry "CHN"]
[SourceTitle "playchess.com"]
[Source "ChessBase"]
[SourceQuality "1"]
[TimeControl "40/5400+30:1800+30"]

1. d4 Nf6 2. c4 e6 3. Nf3 d5 4. Nc3 Bb4 5. e3 O-O 6. Be2 dxc4 7. O-O c5 8. dxc5 Bxc5 9. Bxc4 a6 10. Bd3 Nc6 11. a3 Be7 12. b4 b5 13. Bb2 Bb7 14. Ne4 Nxe4 15. Bxe4 Qxd1 16. Rfxd1 f5 17. Bc2 Rfd8 18. e4 fxe4 19. Bxe4 Rxd1+ 20. Rxd1 Rd8 21. Re1 Bf6 22. Bxf6 gxf6 23. g4 Rd6 24. h4 h6 25. g5 hxg5 26. hxg5 Kg7 27. Rc1 fxg5 28. Nxg5 Kf6 29. f4 Ke7 30. Kf2 Nd8 31. Ke3 Bxe4 32. Nxe4 Rc6 33. Rc5 Rxc5 34. Nxc5 Nf7 35. Kd4 Kd6 36. Ne4+ Kc6 37. Ng5 Nd8 38. Ne4 Nf7 39. Ng5 Nd8 40. Ke5 Kd7 41. Ne4 Nc6+ 42. Kf6 Nd4 43. Kf7 Kc6 44. Nc5 Kd5 45. Nxa6 e5 46. Nc7+ Kc6 47. Nxb5 Nxb5 48. fxe5 Nxa3 49. e6 Nb5 50. e7 Nc7 51. b5+ Kxb5 52. e8=Q+ Nxe8 53. Kxe8 1/2-1/2

[Event "Chinese League Division-A 2024"]
[Site "Fuling Chongqing"]
[Date "2024.07.06"]
[Round "9.17"]
[White "Meng, Yihan"]
[Black "Kong, Xiangrui"]
[Result "1-0"]
[ECO "C54"]
[WhiteElo "2268"]
[BlackElo "2439"]
[Annotator "RC"]
[PlyCount "47"]
[EventDate "2024.06.28"]
[EventType "team-tourn"]
[EventCountry "CHN"]
[SourceTitle "playchess.com"]
[Source "ChessBase"]
[SourceQuality "1"]
[TimeControl "40/5400+30:1800+30"]

1. e4 e5 2. Nf3 Nc6 3. Bc4 Bc5 4. c3 Nf6 5. d3 O-O 6. O-O d5 7. exd5 Nxd5 8. Re1 Bg4 9. h3 Bh5 10. Nbd2 Nb6 11. Bb3 Kh8 12. Ne4 Nd7 13. Ng3 Bxf3 14. Qxf3 f5 15. d4 exd4 16. Bf4 g5 17. Bd2 Nde5 18. Qh5 Qd6 19. Rad1 d3 20. Bxg5 Ng4 21. hxg4 Qxg3 22. Bf7 Qxf2+ 23. Kh1 fxg4 24. Bg6 1-0

[Event "Chinese League Division-A 2024"]
[Site "Fuling Chongqing"]
[Date "2024.07.06"]
[Round "9.18"]
[White "Ma, Qun"]
[Black "Gong, Sunle"]
[Result "1-0"]
[ECO "C42"]
[WhiteElo "2643"]
[BlackElo "2239"]
[Annotator "RC"]
[PlyCount "178"]
[EventDate "2024.06.28"]
[EventType "team-tourn"]
[EventCountry "CHN"]
[SourceTitle "playchess.com"]
[Source "ChessBase"]
[SourceQuality "1"]
[TimeControl "40/5400+30:1800+30"]

1. e4 e5 2. Nf3 Nf6 3. Nxe5 d6 4. Nf3 Nxe4 5. d4 d5 6. Bd3 Bd6 7. O-O O-O 8. c4 c6 9. Re1 Bf5 10. Qc2 Na6 11. a3 Bg6 12. c5 Bb8 13. Nc3 f5 14. Ne2 Bh5 15. Ng3 Bg4 16. Qb3 Qd7 17. Ng5 Kh8 18. f3 Nxg3 19. fxg4 Qc7 20. Nf3 fxg4 21. Ne5 Qa5 22. Qc3 Qxc3 23. bxc3 Bxe5 24. Rxe5 Ne4 25. Bxe4 dxe4 26. Rxe4 b6 27. cxb6 axb6 28. Rxg4 Nc7 29. Bf4 Nd5 30. Be5 Ra7 31. Rg3 b5 32. h4 Kg8 33. Rc1 Nf4 34. Rc2 Rff7 35. Bd6 h6 36. Kh2 Ra4 37. Bb4 Nd5 38. Re2 Rf4 39. Kh3 Kf7 40. Re5 Nxb4 41. axb4 Ra1 42. Rf3 Rf1 43. Rxf1 Rxf1 44. Rc5 Rf6 45. h5 Ke7 46. Kg4 Kd6 47. Rf5 Re6 48. Kf4 g6 49. hxg6 Rxg6 50. g4 Re6 51. Rh5 Rf6+ 52. Rf5 Re6 53. Rh5 Rf6+ 54. Kg3 Re6 55. Kh4 Rf6 56. Rc5 Rf1 57. d5 cxd5 58. Rxb5 Rh1+ 59. Kg3 Rg1+ 60. Kf4 Rf1+ 61. Ke3 Rg1 62. Kf3 Rf1+ 63. Ke2 Rf4 64. Rb6+ Kc7 65. Rg6 Rc4 66. Kd3 Kd7 67. Rg8 Kc7 68. Rg7+ Kc6 69. Rg6+ Kc7 70. b5 Rf4 71. Kc2 Re4 72. Kb2 Rf4 73. Ka3 Re4 74. Rc6+ Kd7 75. Rc5 Kd6 76. Rc8 Kd7 77. Rg8 Kc7 78. Rg6 Rf4 79. Kb2 Re4 80. Kc2 Rf4 81. Kd3 Rc4 82. Ke3 Re4+ 83. Kf3 Rc4 84. Rxh6 Rxc3+ 85. Kf4 d4 86. b6+ Kb7 87. Rd6 Rc4 88. g5 d3+ 89. Kf5 Rc5+ 1-0

[Event "Chinese League Division-A 2024"]
[Site "Fuling Chongqing"]
[Date "2024.07.06"]
[Round "9.21"]
[White "Chen, Qi b"]
[Black "Wan, Yunguo"]
[Result "1/2-1/2"]
[ECO "B45"]
[WhiteElo "2481"]
[BlackElo "2498"]
[Annotator "RC"]
[PlyCount "69"]
[EventDate "2024.06.28"]
[EventType "team-tourn"]
[EventCountry "CHN"]
[SourceTitle "playchess.com"]
[Source "ChessBase"]
[SourceQuality "1"]
[TimeControl "40/5400+30:1800+30"]

1. e4 c5 2. Nf3 e6 3. d4 cxd4 4. Nxd4 Nf6 5. Nc3 Nc6 6. Bf4 Bc5 7. Ndb5 O-O 8. Bc7 Qe7 9. Bd6 Bxd6 10. Qxd6 Qd8 11. O-O-O a6 12. Nd4 Ne7 13. a4 Ne8 14. Qb4 d6 15. e5 d5 16. Bd3 a5 17. Qa3 Nc7 18. f4 Nc6 19. Ncb5 Nxd4 20. Nxd4 Bd7 21. h4 Qe8 22. Qc5 Rc8 23. Qxa5 Bxa4 24. f5 exf5 25. Nxf5 Qd7 26. Qb4 Kh8 27. Nd6 Ra8 28. Rhf1 Bc6 29. Qf4 f6 30. h5 Ne6 31. Qf5 Ng5 32. h6 Qxf5 33. hxg7+ Kxg7 34. Nxf5+ Kh8 35. exf6 1/2-1/2

[Event "Chinese League Division-A 2024"]
[Site "Fuling Chongqing"]
[Date "2024.07.06"]
[Round "9.22"]
[White "Peng, Xiongjian"]
[Black "Xu, Jun"]
[Result "0-1"]
[ECO "C81"]
[WhiteElo "2521"]
[BlackElo "2471"]
[Annotator "RC"]
[PlyCount "84"]
[EventDate "2024.06.28"]
[EventType "team-tourn"]
[EventCountry "CHN"]
[SourceTitle "playchess.com"]
[Source "ChessBase"]
[SourceQuality "1"]
[TimeControl "40/5400+30:1800+30"]

1. e4 e5 2. Nf3 Nc6 3. Bb5 a6 4. Ba4 Nf6 5. O-O Nxe4 6. d4 b5 7. Bb3 d5 8. dxe5 Be6 9. Qe2 Be7 10. Rd1 O-O 11. c4 bxc4 12. Bxc4 Bc5 13. Be3 Bxe3 14. Qxe3 Qb8 15. Bb3 Na5 16. Nc3 Nxb3 17. axb3 Qxb3 18. Nd4 Qb7 19. Nce2 Bd7 20. f3 Nc5 21. Nf4 Rfe8 22. Nh5 f6 23. Qc1 Qb6 24. exf6 Ne6 25. Kh1 Nxd4 26. Qg5 Ne6 27. Qxd5 Bc6 28. Qf5 Kh8 29. Qe5 Qb5 30. fxg7+ Kg8 31. Nf6+ Kf7 32. Nd5 Bxd5 33. Rxd5 Qc6 34. Rad1 Re7 35. Qe4 Kg8 36. Qh4 Rxg7 37. h3 Rf8 38. Qe4 Nf4 39. R5d4 Qxe4 40. Rxe4 Nxg2 41. Rdd4 Rxf3 42. Kh2 h5 0-1